 Dungeon Crawl Stone Soup version 0.26-a0-926-g43279f1ce9 (webtiles) character file.

Game seed: 2973229168577896649

26 Ijustatesigmund the Skirmisher (level 3, 23/23 HPs)
             Began as an Octopode Fighter on Nov 26, 2020.
             Quit the game on level 2 of the Dungeon.
             The game lasted 00:01:44 (1150 turns).

Ijustatesigmund the Skirmisher (Octopode Fighter)   Turns: 1150, Time: 00:01:45

Health: 23/23      AC:  1    Str: 15    XL:     3   Next: 8%
Magic:  3/3        EV: 11    Int: 10    God:
Gold:   27         SH:  9    Dex: 12    Spells: 2/2 levels left

rFire    . . .     SeeInvis .   a - +2 war axe
rCold    . . .     Faith    .   b - +1 kite shield
rNeg     . . .     Spirit   .   (helmet restricted)
rPois    .         Reflect  .   (no amulet)
rElec    .         Harm     .   (no ring)
rCorr    .         Rampage  .   (no ring)
MR       .....                  (no ring)
Stlth    ++........             (no ring)
HPRegen  0.07/turn              (no ring)
MPRegen  0.08/turn              (no ring)
                                (no ring)
                                (no ring)

@: no status effects
A: almost no armour, stealthy swim, amphibious, 8 rings, constrict 8, camouflage
1, frail 1, mutation resistance 1, gelatinous body 1
a: no special abilities


You were on level 2 of the Dungeon.
You visited 1 branch of the dungeon, and saw 2 of its levels.

You collected 27 gold pieces.

Inventory:

Hand Weapons
 a - a +2 war axe (weapon)
Armour
 b - a +1 kite shield (worn)
Scrolls
 d - 2 scrolls of remove curse
 g - a scroll of amnesia
Potions
 c - a potion of might
 h - a potion of flight {unknown}


   Skills:
 + Level 3.3 Fighting
 * Level 3.1 Axes
 - Level 3.0 Dodging
 - Level 3.0 Shields


You had 2 spell levels left.
You didn't know any spells.
Your spell library was empty.

Dungeon Overview and Level Annotations

Branches:
Dungeon (2/15)

Altars:


Innate Abilities, Weirdness & Mutations

You cannot wear most types of armour.
You are very stealthy in the water. (Stealth+)
You are amphibious.
You can wear up to eight rings at the same time.
You can use your tentacles to constrict eight enemies at once.
Your skin changes colour to match your surroundings (Stealth+).
Your rubbery body absorbs attacks. (AC +1, EV +1)
You are frail. (-10% HP)
You are somewhat resistant to further mutation.


Message History

Done exploring.
(D) Dungeon
Where to? (? - help)
You see here a rat corpse.
You see here a helmet.
There is a stone staircase leading down here.
You climb downwards.
Found 3 gold pieces, a scroll of remove curse and a scroll labelled ISICADEOR.
There is a stone staircase leading up here.
You now have 27 gold pieces (gained 3).
There is a stone staircase leading up here.
d - 2 scrolls of remove curse (gained 1)
f - a scroll labelled ISICADEOR
As you read the scroll labelled ISICADEOR, it crumbles to dust.
It is a scroll of identify.
e - a potion of mutation Really quaff the potion of mutation?
You feel extremely strange.
You feel frail.
You feel genetically stable.
Are you sure you want to abandon this character and quit the game? (Confirm with "yes".)

### ### #..
..# #.# #.#
#.# #.#
#.####.#######
#.#....@.....#
#.#.##.####..#
#......#
#####...###
#.....#<#
#.###...#
#####


There were no monsters in sight!

Vanquished Creatures
  A leopard gecko (D:1)
  2 bats (D:1)
  3 giant cockroaches (D:1)
  4 goblins (D:1)
  2 hobgoblins (D:1)
  4 jackals (D:1)
  2 kobolds (D:1)
  3 rats (D:1)
21 creatures vanquished.

Notes
Turn   | Place    | Note
-------+----------+-------------------------------------------
     0 | D:1      | Ijustatesigmund the Octopode Fighter began the quest for
                  | the Orb.
     0 | D:1      | Reached XP level 1. HP: 16/16 MP: 1/1
   259 | D:1      | Reached XP level 2. HP: 13/21 MP: 2/2
   968 | D:1      | Reached XP level 3. HP: 25/26 MP: 3/3
  1149 | D:2      | Gained mutation: You are frail. (-10% HP) [potion of
                  | mutation]
  1149 | D:2      | Gained mutation: You are somewhat resistant to further
                  | mutation. [potion of mutation]
  1150 | D:2      | Quit the game

Illustrated notes

Levels and vault maps discovered:
D:1:      lightli_arrival_statue_moat, layout_loops_ring
D:2:      layout_loops_corners

Skill      XL: |  1  2 |
---------------+-------+-----
Axes           | 3 |  3.1
Fighting       | |  3.3
Dodging        | |  3.0
Shields        | |  3.0

Action                   || total
-------------------------++-------
Melee: War axe           ||    37
       Constrict         ||    12
       Tentacles         ||     5
  Use: Scroll            ||     8
       Potion            ||     1
 Stab: Sleeping          ||     2
Armor: Skin              ||     2
Dodge: Dodged            ||    16
Block: Kite shield       ||    17

Table legend: (Time is in decaauts)
 A = Elapsed time spent in this place.
 B = Non-inter-level travel time spent in this place.
 C = Inter-level travel time spent in this place.
 D = Time resting spent in this place.
 E = Time spent auto-exploring this place.
 F = Levels seen in this place.
 G = Mean time per level.
                   A        B        C        D        E       F      G
               +--------+--------+--------+--------+--------+-----+--------+
         Total |   1166 |   1119 |     47 |    156 |    832 |   2 |  583.0 |
       Dungeon |   1166 |   1119 |     47 |    156 |    832 |   2 |  583.0 |
               +--------+--------+--------+--------+--------+-----+--------+

Top non-repeatable levels by time:
     D:1: 1149 daAuts
     D:2: 16 daAuts
